 Dungeon Crawl Stone Soup version 0.31-a0-358-gac0dbeb3ab (webtiles) character file.

Game seed: 1329017117947674481

3367 LeprechaunX the Changeling (level 10, 0/61 HPs)
             Began as an Octopode Shapeshifter on July 25, 2023.
             Was a Priest of Hepliaklqana.
             Slain by a gnoll
             ... wielding a +0 flail
             ... led by a gnoll bouda
              (8 damage)
             ... on level 9 of the Dungeon.
             The game lasted 00:10:48 (6652 turns).

LeprechaunX the Changeling (Octopode Shapeshifter)  Turns: 6652, Time: 00:10:48

Health: 0/61       AC:  1    Str: 26    XL:     10   Next: 3%
Magic:  10/10      EV: 15    Int: 10    God:    Hepliaklqana [***...]
Gold:   565        SH:  0    Dex: 12    Spells: 9/9 levels left

rFire   + . .        i - +7 mace "Vepish" {heavy, rPois rF+ rCorr Stlth-}
rCold   + . .        (no shield)
rNeg    . . .        (helmet currently unavailable)
rPois   +            l - amulet of regeneration
rElec   .            c - +6 ring of strength
rCorr   +            k - ring of protection from cold
SInv    .            (no ring)
Will    .....        (no ring)
Stlth   +            (no ring)
HPRegen 1.10/turn    (no ring)
MPRegen 0.12/turn    (no ring)
                     (no ring)

%: no passive effects
@: beast-form, weakened
A: beast (slay +4), reduced essence, almost no armour, amphibious, 8 rings,
camouflage 1, gelatinous body 1, (nimble swimmer 1), tentacles
a: Begin Untransformation, Renounce Religion, Recall Ancestor, Ancestor
Identity, Transference


You were on level 9 of the Dungeon.
You worshipped Hepliaklqana.
Hepliaklqana was most pleased with you.
You were a hulking beast.
You visited 2 branches of the dungeon, and saw 10 of its levels.

You collected 565 gold pieces.

Inventory:

Hand Weapons
 i - the +7 mace "Vepish" (weapon) {heavy, rPois rF+ rCorr Stlth-}
   (You found it on level 2 of the Dungeon)

   rF:        It protects you from fire.
   rPois:     It protects you from poison.
   rCorr:     It protects you from acid and corrosion.
   Stlth:     It makes you less stealthy.
Jewellery
 c - a +6 ring of strength (left tentacle)
 k - a ring of protection from cold (right tentacle)
 l - an amulet of regeneration (around mantle)
 p - an amulet of magic regeneration
Talismans
 b - a beast talisman
 x - a talisman of death
 D - a maw talisman
Wands
 q - a wand of digging (4)
 u - a wand of acid (11) (quivered)
Scrolls
 f - 15 scrolls of identify {unknown}
 g - 3 scrolls of enchant weapon {unknown}
 j - 10 scrolls of teleportation {unknown}
 s - 2 scrolls of poison {unknown}
 v - 3 scrolls of enchant armour {unknown}
 w - a scroll of silence {unknown}
 y - a scroll of noise {unknown}
 B - 2 scrolls of revelation {unknown}
 C - a scroll of vulnerability {unknown}
 E - 2 scrolls of immolation {unknown}
 F - a scroll of fear {unknown}
Potions
 a - 2 potions of lignification
 d - 4 potions of ambrosia {unknown}
 e - a potion of magic {unknown}
 h - 2 potions of haste {unknown}
 m - 3 potions of curing {unknown}
 n - a potion of berserk rage {unknown}
 o - a potion of degeneration {unknown}
 r - a potion of mutation {unknown}
 t - a potion of enlightenment {unknown}
 z - 3 potions of attraction {unknown}
 A - a potion of brilliance {unknown}
 G - a potion of heal wounds {unknown}
 H - a potion of might {unknown}


   Skills:
 + Level 5.9 Fighting
 + Level 5.5 Maces & Flails
 + Level 6.1 Dodging
 + Level 6.8 Unarmed Combat
 * Level 6.8 Shapeshifting


You had 9 spell levels left.
You didn't know any spells.
Your spell library contained the following spells:

 Spells                   Type           Power      Damage    Failure   Level
 Necrotise                Necr           0%         1d4       36%         1
 Poisonous Vapours        Pois/Air       0%         N/A       50%         2
 Inner Flame              Hex/Fire       0%         N/A       75%         3
 Mephitic Cloud           Conj/Pois/Air  0%         N/A       75%         3
 Vampiric Draining        Necr           0%         2d6       75%         3
 Agony                    Necr           0%         N/A       100%        5
 Freezing Cloud           Conj/Ice/Air   0%         6-21      100%        5
 Yara's Violent Unravell  Hex/Tmut       0%         3d3       100%        5
 Enfeeble                 Hex            0%         N/A       100%        7


Dungeon Overview and Level Annotations

Branches:
Dungeon (9/15)             Temple (1/1) D:4
   Lair: D:8-11         Orc: D:9-12

Altars:
Ashenzari
Cheibriados
Dithmenos
Elyvilon
Fedhas
Gozag
Hepliaklqana
Kikubaaqudgha
Makhleb
Nemelex Xobeh
Okawaru
Qazlal
Ru
Sif Muna
Trog
Uskayaw
Vehumet
Wu Jian
Xom
Yredelemnul
Zin
The Shining One

Shops:
D:5 *   D:6 =


Innate Abilities, Weirdness & Mutations

You are a hulking beast.
Your limbs bulge with bestial killing power. (Slay +4)
Your life essence is reduced to manifest your ancestor. (-10% HP)
You cannot wear most types of armour.
You are amphibious.
You can wear up to eight rings at the same time.
Your skin changes colour to match your surroundings (Stealth+).
Your rubbery body absorbs attacks. (AC +1, EV +1)
((You are camouflaged when in or above water. (Stealth+)))
You have tentacles for arms and can constrict up to eight enemies at once.


Message History

The gnoll hits you with a +0 flail!
The gnoll hits the gnoll with a +0 club.
Agathoclea hits the gnoll with a +0 dagger of draining!
Agathoclea drains the gnoll.
You thump the orc warrior! You grab the orc warrior.
You tentacle-slap the orc warrior.
The orc warrior is severely wounded.
You constrict the orc warrior, but do no damage.
Agathoclea gestures at the gnoll while chanting.
The gnoll appears confused.
The gnoll barely misses you.
The orc warrior hits you with a +0 short sword!
The gnoll closely misses you.
The gnoll bouda calls upon its god to heal the gnoll.
The gnoll is healed somewhat.
Agathoclea hits the gnoll with a +0 dagger of draining.
The gnoll hits you but does no damage.
The orc warrior hits you with a +0 short sword!
The gnoll barely misses you.
The gnoll bouda gazes fiercely through you!
You feel your attacks grow feeble.
The gnoll bouda hits Agathoclea with a +0 club!
Agathoclea hits the gnoll with a +0 dagger of draining.
Agathoclea drains the gnoll.
The gnoll dies!
You thump the orc warrior!
You kill the orc warrior!
The gnoll hits you from afar with a +0 spear.
* * * LOW HITPOINT WARNING * * *
Agathoclea points at the gnoll and mumbles some strange words.
The gnoll resists with significant effort.
The gnoll closely misses you.
The gnoll bouda gazes fiercely through you!
You feel as though you will be weak longer.
The gnoll bouda misses Agathoclea.
Agathoclea hits the gnoll with a +0 dagger of draining.
The gnoll hits Agathoclea with a +0 spear!
The orc hits you with a +0 flail!
* * * LOW HITPOINT WARNING * * *
The gnoll hits you with a +0 flail!
You die...

###########
#.........#
#.........#
#.........#
#.........#
#########......<..#
........#h........#
.......gog............
.......R..###...##.###
......g)..# #.... ..#
..........# #....# ..#
..........# #.##.# #..
.###......# #. .. ..
#......# ....####


You could see the friendly Agathoclea the hexer, a gnoll bouda, 2 gnolls and an
orc.

Vanquished Creatures
  Psyche (D:8)
  Prince Ribbit (D:7)
  Sigmund (D:2)
  Eustachio (D:5)
  A warg (D:9)
  Duvessa (D:7)
  A water moccasin (D:6)
  2 orc warriors
  A black bear (D:5)
  A sky beast (D:8)
  2 ice beasts
  2 ogres (D:5)
  A centaur (D:7)
  2 phantoms
  3 bullfrogs
  A scorpion (D:4)
  5 wights (D:6)
  2 killer bees (D:8)
  An orc priest (D:6)
  2 hounds
  5 jellies
  Crazy Yiuf (D:3)
  A gnoll bouda (D:7)
  Terence (D:3)
  4 orc wizards
  6 adders
  3 gnolls
  2 shadow imps (D:5)
  2 white imps
  3 worms
  2 dart slugs
  22 orcs
  7 endoplasms
  3 giant cockroaches
  7 goblins
  5 hobgoblins
  6 jackals (D:1)
  11 kobolds
  2 quokkas
  8 ball pythons
  7 bats
  7 frilled lizards
  5 rats
152 creatures vanquished.

Vanquished Creatures (collateral kills)
  A kobold brigand (D:9)
  Dowan (D:7)
  A killer bee (D:8)
  3 gnolls
  An orc (D:9)
7 creatures vanquished.

Vanquished Creatures (others)
  2 hexers
  An ancestor (D:6)
3 creatures vanquished.

Grand Total: 162 creatures vanquished

Notes
Turn   | Place    | Note
-------+----------+-------------------------------------------
     0 | D:1      | LeprechaunX the Octopode Shapeshifter began the quest for
                  | the Orb.
     0 | D:1      | Reached XP level 1. HP: 13/13 MP: 1/1
    75 | D:1      | Reached XP level 2. HP: 18/18 MP: 2/2
   272 | D:1      | Reached XP level 3. HP: 22/23 MP: 3/3
   833 | D:2      | Identified the +7 mace "Vepish" {heavy, rPois rF+ rCorr
                  | Stlth-}
   978 | D:2      | Reached XP level 4. HP: 21/29 MP: 4/4
  1241 | D:2      | Noticed Sigmund
  1245 | D:2      | Killed Sigmund
  1246 | D:2      | Reached skill level 1 in Maces & Flails
  1246 | D:2      | Reached XP level 5. HP: 11/35 MP: 5/5
  1246 | D:2      | Reached XP level 6. HP: 13/41 MP: 6/6
  1969 | D:3      | Found an ancient bone altar of Kikubaaqudgha.
  1969 | D:3      | Found a shadowy altar of Dithmenos.
  2148 | D:3      | Found a faded altar of an unknown god.
  2150 | D:3      | Noticed a shining eye
  2150 | D:3      | Noticed a shining eye
  2159 | D:3      | Noticed a golden eye
  2164 | D:3      | Noticed a golden eye
  2184 | D:3      | You fall into a shaft and drop 1 floor!
  2354 | D:3      | Found a runed translucent door.
  2355 | D:3      | Noticed Crazy Yiuf
  2494 | D:3      | Noticed Terence
  2498 | D:3      | Killed Terence
  2633 | D:3      | Killed Crazy Yiuf
  2743 | D:4      | Found a staircase to the Ecumenical Temple.
  2761 | Temple   | Entered the Ecumenical Temple
  2772 | Temple   | Became a worshipper of Hepliaklqana the Forgotten
  2840 | D:4      | Reached XP level 7. HP: 46/46 MP: 7/7
  3310 | D:5      | Entered Level 5 of the Dungeon
  3401 | D:5      | Reached skill level 5 in Unarmed Combat
  3493 | D:5      | Reached XP level 8. HP: 44/54 MP: 8/8
  3507 | D:5      | Noticed Eustachio
  3511 | D:5      | Killed Eustachio
  3561 | D:5      | Found Iwniy's Fire Supplies.
  3609 | D:5      | Reached * piety under Hepliaklqana
  3856 | D:5      | Upgraded the game from 0.31-a0-355-g57cb03d3e8 to
                  | 0.31-a0-358-gac0dbeb3ab
  4240 | D:6      | Reached skill level 5 in Shapeshifting
  4294 | D:6      | Found Jeghuh's Jewellery Shoppe.
  4349 | D:6      | Reached skill level 5 in Dodging
  4470 | D:6      | Reached XP level 9. HP: 41/54 MP: 9/9
  4591 | D:6      | Reached ** piety under Hepliaklqana
  4592 | D:6      | Remembered your ancestor Agathoclea as a hexer
  4832 | D:7      | Noticed Dowan
  4833 | D:7      | Noticed Duvessa
  4838 | D:7      | Killed Duvessa
  4839 | D:7      | Reached skill level 5 in Fighting
  4839 | D:7      | Killed Dowan
  5091 | D:7      | Found an iron altar of Okawaru.
  5110 | D:7      | Found a sparkling altar of Nemelex Xobeh.
  5228 | D:7      | Reached *** piety under Hepliaklqana
  5310 | D:7      | Found a basalt altar of Yredelemnul.
  5387 | D:7      | Noticed Prince Ribbit
  5394 | D:7      | Killed Prince Ribbit
  5735 | D:8      | Reached skill level 5 in Maces & Flails
  5757 | D:8      | Noticed Psyche
  5758 | D:8      | Found a bloodstained altar of Trog.
  6164 | D:8      | Found a shimmering blue altar of Sif Muna.
  6430 | D:8      | Killed Psyche
  6558 | D:9      | Reached XP level 10. HP: 42/61 MP: 10/10
  6652 | D:9      | Slain by a gnoll

Illustrated notes

Levels and vault maps discovered:
D:1:      lordsloth_arrival_two_stooges, layout_rooms
D:2:      layout_loops_ring, uniq_sigmund
D:3:      wad_crossroads, layout_basic, amethyst_overflow_temple_binary,
          hellmonk_ecumenical_altar_watching_god, uniq_crazy_yiuf_cottage,
          uniq_terence
D:4:      layout_basic, minmay_temple_entry_wispy
D:5:      layout_basic, nicolae_shop_fire_sale [nicolae_sub_dead_trees],
          glass_columns_c, kennysheep_generic_room_11, uniq_eustachio
D:6:      layout_basic, serial_shops, nicolae_shop_behind_doors
D:7:      layout_layer_cave, mainiacjoe_overflow_catwalk,
          mainiacjoe_overflow_brackets, general_overflow_altar,
          uniq_prince_ribbit1, uniq_duvessa
D:8:      layout_basic, bloody_trog, lemuel_doored_altar, serial_curves,
          eino_curves_01, eino_curves_04, grunt_decor_one_mirror, uniq_psyche
D:9:      layout_basic, erik_lair_orcish_takeover, david_orc_3
Temple:   nicolae_temple_bog_church

Skill      XL: |  1  2  3  4  5  6  7  8  9 |
---------------+----------------------------+-----
Fighting       | 2 3 4 5 |  5.9
Maces & Flails | 1 2 3 4 5 |  5.5
Dodging        | 3 4 5 6 |  6.1
Unarmed Combat | 4 5 6 |  6.8
Shapeshifting  | 4 5 6 |  6.8

Action                     |  1- 3 |  4- 6 |  7- 9 | 10-12 || total
---------------------------+-------+-------+-------+-------++-------
  Melee: Unarmed           |    72 |       |       |       ||    72
         Constrict         |    22 |    14 |    25 |     1 ||    62
         Tentacles         |     6 |     9 |    22 |       ||    37
         Mace              |     7 |    55 |   120 |     7 ||   189
         Punch             |     1 |     1 |     1 |     1 ||     4
 Invoke: Ancestor Life: He |       |       |     1 |       ||     1
  Evoke: Wand              |       |       |     3 |       ||     3
   Stab: Sleeping          |     4 |     3 |     1 |       ||     8
         Confused          |       |       |     1 |       ||     1
 Armour: Skin              |     5 |     8 |     5 |     1 ||    19
  Dodge: Dodged            |    59 |    43 |    92 |    14 ||   208

Table legend: (Time is in decaauts)
 A = Elapsed time spent in this place.
 B = Non-inter-level travel time spent in this place.
 C = Inter-level travel time spent in this place.
 D = Time resting spent in this place.
 E = Time spent auto-exploring this place.
 F = Levels seen in this place.
 G = Mean time per level.
                   A        B        C        D        E       F      G
               +--------+--------+--------+--------+--------+-----+--------+
         Total |   6801 |   6379 |    422 |    119 |   5123 |  10 |  680.1 |
       Dungeon |   6779 |   6377 |    402 |    119 |   5123 |   9 |  753.2 |
        Temple |     22 |      2 |     20 |      0 |      0 |   1 |   22.0 |
               +--------+--------+--------+--------+--------+-----+--------+

Top non-repeatable levels by time:
     D:3: 1133 daAuts
     D:7: 990 daAuts
     D:2: 950 daAuts
     D:5: 919 daAuts
     D:8: 756 daAuts
     D:4: 637 daAuts
     D:1: 632 daAuts
     D:6: 615 daAuts
     D:9: 143 daAuts
  Temple: 22 daAuts
